 Dungeon Crawl Stone Soup version 0.31-a0-190-g4feb4907b2 (webtiles) character file.

Game seed: 14355840846011281081

60 qw the Shooter (level 3, -14/20 HPs)
             Began as a Deep Elf Hunter on June 23, 2023.
             Demolished by an ogre
             ... wielding a +0 giant spiked club
              (26 damage)
             ... on level 3 of the Dungeon.
             The game lasted 00:00:32 (1524 turns).

qw the Shooter (Deep Elf Hunter)                    Turns: 1524, Time: 00:00:32

Health: -14/20     AC:  3    Str: 10    XL:     3   Next: 82%
Magic:  5/5        EV: 12    Int: 13    God:
Gold:   76         SH:  0    Dex: 18    Spells: 2/2 levels left

rFire   . . .        Y - +0 shortbow
rCold   . . .        (shield currently unavailable)
rNeg    . . .        c - +0 leather armour
rPois   .            (no helmet)
rElec   .            (no cloak)
rCorr   .            (no gloves)
SInv    .            (no boots)
Will    .....        (no amulet)
Stlth   ++           (no ring)
HPRegen 0.23/turn    (no ring)
MPRegen 0.09/turn

%: no passive effects
@: no status effects
A: no striking features
a: no special abilities


You were on level 3 of the Dungeon.
You visited 1 branch of the dungeon, and saw 3 of its levels.

You collected 76 gold pieces.


   Skills:
 - Level 1.5 Fighting
 + Level 7.3 Ranged Weapons
 - Level 2.4 Dodging
 - Level 1.2 Stealth


You had 2 spell levels left.
You didn't know any spells.
Your spell library was empty.

Inventory:

Hand Weapons
 Y - a +0 shortbow (weapon)
Armour
 c - a +0 leather armour (worn)
 e - a +0 ring mail
Jewellery
 g - a +6 ring of dexterity
Scrolls
 a - 2 scrolls of identify
Potions
 b - a potion of cancellation
 d - 2 potions of curing {unknown}
 f - a potion of mutation
 h - 2 potions of ambrosia {unknown}

Dungeon Overview and Level Annotations

Branches:
Dungeon (3/15)

Altars:


Message History

g - a +6 ring of dexterity
Found an escape hatch in the ceiling.
Enter note:
Enter note:
h - 2 sedimented brown potions
Enter note:
Enter note: You now have 61 gold pieces (gained 13).
You now have 76 gold pieces (gained 15).
You open the door.
An ogre and 8 goblins come into view.
A goblin is wielding a +1 dagger of draining.
The goblin shouts!
The ogre shouts!
The goblin shouts! x5
Found 8 large rocks.
Enter note:
Enter note: You shoot an arrow.
The goblin shouts!
The arrow hits the goblin!
You kill the goblin!
You shoot an arrow. The arrow completely misses the goblin.
The arrow hits the goblin!
You kill the goblin!
The goblin closely misses you.
You shoot an arrow. The arrow hits the goblin.
You kill the goblin!
You shoot an arrow. The arrow hits the goblin!
You kill the goblin!
You shoot an arrow. The arrow hits the goblin.
The goblin is moderately wounded.
You shoot an arrow. The arrow hits the ogre!
The ogre is moderately wounded.
The ogre hits you with a +0 giant spiked club!
You shoot an arrow. The arrow hits the ogre.
The ogre is heavily wounded.
You shoot an arrow. The arrow barely misses the ogre.
The arrow hits the goblin.
The goblin is heavily wounded.
The ogre hits you with a +0 giant spiked club!!
Ouch! That really hurt!
You die...

.... ############
#.#...
#..........###.#...
#.#............#>.##
#.#....).......#...
#.#............#..#
#.#......(.....#..#
#...@..........#..#.#
#.##O##...........#.#
#.#ggg#........#..#.#
#.#.g.#..............
#.#..(#........#.....
#.#####........#...[.
#...# ####.#####.....
#...# #.# #.....
#...# #.#####.....


You could see an ogre and 4 goblins.

Vanquished Creatures
  2 dart slugs (D:1)
  4 bats (D:2)
  2 endoplasms
  10 giant cockroaches (D:2)
  5 goblins
  5 hobgoblins
  3 jackals (D:3)
  4 kobolds
  2 quokkas
  2 ball pythons (D:1)
  7 frilled lizards
  4 rats (D:1)
50 creatures vanquished.

Notes
Turn   | Place    | Note
-------+----------+-------------------------------------------
     0 | D:1      | qw the Deep Elf Hunter began the quest for the Orb.
     0 | D:1      | Reached XP level 1. HP: 12/12 MP: 3/3
     0 | D:1      | 0 ||| qw: Version: 0.3-a-9-g12657ce
     0 | D:1      | 0 ||| qw: Game counter: 4476
     0 | D:1      | 0 ||| qw: Always use a shield: true
     0 | D:1      | 0 ||| qw: God list: Okawaru
     0 | D:1      | 0 ||| qw: Allow faded altars: false
     0 | D:1      | 0 ||| qw: Do Orc after D:15 true
     0 | D:1      | 0 ||| qw: Do second Lair branch before Depths: true
     0 | D:1      | 0 ||| qw: Lair rune preference: random
     0 | D:1      | 0 ||| qw: Plans: Normal
     0 | D:1      | 0 ||| PLANNING D:1-11
    27 | D:1      | 27 ||| FLEEEEING.
    28 | D:1      | 28 ||| FLEEEEING.
   223 | D:1      | Reached skill level 6 in Ranged Weapons
   223 | D:1      | Reached XP level 2. HP: 16/16 MP: 4/4
   698 | D:1      | 698 ||| DROPPING +6 ring of intelligence.
   699 | D:1      | 699 ||| READING 3 scrolls labelled DUQERENTITT.
   700 | D:1      | 700 ||| READING scroll labelled KUIBLY NOEGEE.
   701 | D:1      | 701 ||| DROPPING scroll of butterflies.
   802 | D:2      | Reached XP level 3. HP: 20/20 MP: 5/5
  1010 | D:2      | Reached skill level 7 in Ranged Weapons
  1061 | D:2      | Identified the +7 dagger of Execution {freeze, Str+4}
  1320 | D:2      | 1320 ||| READING scroll labelled WIDEUKENNE.
  1321 | D:2      | 1321 ||| READING 2 scrolls labelled OVEMU ZAOMEE.
  1322 | D:2      | 1322 ||| READING scroll labelled POAS GIAQUTRY.
  1359 | D:2      | 1359 ||| READING 4 scrolls of identify.
  1359 | D:2      | 1359 ||| IDENTIFYING sapphire potion
  1360 | D:2      | 1360 ||| READING 3 scrolls of identify.
  1360 | D:2      | 1360 ||| IDENTIFYING smoky pink potion
  1361 | D:2      | 1361 ||| DROPPING scroll of vulnerability.
  1516 | D:3      | Noticed an ogre
  1524 | D:3      | Demolished by an ogre

Levels and vault maps discovered:
D:1:      dpeg_arrival_another_circle, layout_basic
D:2:      minmay_roachtagon, layout_loops_cross
D:3:      kennysheep_slugbush, layout_basic, gammafunk_temple_overflow_statue,
          minmay_ogre_servants, uniq_sigmund

Skill      XL: |  1  2  3 |
---------------+----------+-----
Ranged Weapons | 6 7 |  7.3
Fighting       | |  1.5
Dodging        | |  2.4
Stealth        | |  1.2

Action                     || total
---------------------------++-------
   Fire: Shortbow          ||   111
    Use: Scroll            ||     7
 Armour: Leather armour    ||    13
  Dodge: Dodged            ||    29

Table legend:
 A = Non-vault XP
 B = Vault XP
 C = Vault XP percentage of total XP
 D = Non-vault monster count
 E = Vault monster count
 F = Vault count percentage of total count
                 A         B        C        D         E       F
            +---------+---------+-------+---------+---------+-------
      Total |      60 |      27 |  31.0 |      36 |      14 |  28.0
            +---------+---------+-------+---------+---------+-------
        D:1 |      31 |       0 |   0.0 |      19 |       0 |   0.0
        D:2 |      19 |      20 |  51.3 |      11 |      10 |  47.6
        D:3 |      10 |       7 |  41.2 |       6 |       4 |  40.0
            +---------+---------+-------+---------+---------+-------
